 Dungeon Sprint DCSS version bcrawl-1.23 (webtiles) character file.

Game seed: 8564437011921206151

5544 Freyura the Bludgeoner (level 10, -2/127 HPs)
             Began as an Ogre Fighter on May 24, 2020.
             Was a High Priest of Trog.
             Slain by a wyvern (13 damage)
             ... in the Dungeon (Sprint IX: "|||||||||||||||||||||||||||||").
             The game lasted 00:08:44 (856 turns).

Freyura the Bludgeoner (Ogre Fighter)                Turns: 856, Time: 00:08:45

Health: -2/127     AC:  5    Str: 25    XL:     10   Next: 71%
Magic:  10/10      EV: 14    Int:  9    God:    Trog [*****.]
Gold:   0          SH:  0    Dex:  8    Spells: 9/9 levels left

rFire    . . .     SeeInvis .   a - +0 giant spiked club
rCold    . . .     Gourm    .   (shield currently unavailable)
rNeg     . . .     Faith    .   b - +0 robe
rPois    .         Spirit   .   (helmet restricted)
rElec    .         Reflect  .   (no cloak)
rCorr    .         Harm     .   (gloves unavailable)
MR       +++..     NoTele   +   (boots unavailable)
Stlth    +.........             (no amulet)
HPRegen  1.31/turn              o - +2 ring of protection
MPRegen  0.12/turn              (no ring)

@: berserk cooldown, regenerating, slowed, very slow
A: large, unfitting armour, tough skin 1
a: Berserk, Trog's Hand, Brothers in Arms, Renounce Religion


You were in the Dungeon.
You worshipped Trog.
Trog was extremely pleased with you.
You were not hungry.

You visited 1 branch

Inventory:

Hand Weapons
 a - a +0 giant spiked club (weapon)
 m - a +2 morningstar of protection
Armour
 b - a +0 robe (worn)
 c - a +0 medium shield
Jewellery
 o - a +2 ring of protection (left hand)
Wands
 l - a wand of acid (10)
 n - a wand of flame (23)
Scrolls
 j - 3 scrolls of remove curse
 k - 3 scrolls of blinking
 p - 2 scrolls of fog
 q - 2 scrolls of enchant armour
 r - a scroll of fear
Potions
 d - 2 potions of brilliance
 f - 4 potions of curing
 g - 8 potions of heal wounds
 h - a potion of haste
 i - 4 potions of magic


   Skills:
 + Level 15.9 Fighting
 * Level 19.4 Maces & Flails
 + Level 11.8 Dodging
 - Level 2.6 Shields


You had 9 spell levels left.
You didn't know any spells.
Your spell library was empty.

Dungeon Overview and Level Annotations

Branches:
Dungeon (1/1)

Altars:
Cheibriados
Dithmenos
Elyvilon
Fedhas
Gozag
Hepliaklqana
Kikubaaqudgha
Lugonu
Makhleb
Nemelex Xobeh
Okawaru
Qazlal
Ru
Sif Muna
Trog
Uskayaw
Vehumet
Wu Jian
Xom
Yredelemnul
Zin
The Shining One
Beogh
Jiyva


Innate Abilities, Weirdness & Mutations

You are too large for most types of armour.
You have tough skin. (AC +1)


Message History

Trog will gift you weapons as you gain piety.
You are no longer berserk.
You are exhausted.
You feel yourself slow down.
You feel much better.
You feel sick. The wyvern bites you!
* * * LOW HITPOINT WARNING * * *
You hit the wyvern.
The wyvern is lightly wounded.
You feel the effects of Trog's Hand fading.
You feel sick.
The wyvern bites you but does no damage.
The wyvern misses you.
You closely miss the wyvern.
The wyvern is lightly wounded.
You feel sick. The wyvern bites you.
* * * LOW HITPOINT WARNING * * *
The wyvern bites you.
* * * LOW HITPOINT WARNING * * *
You feel better. The wyvern bites you!
You die...

▓.▓.▓.▓
▓.▓.▓.▓
▓=▓.▓.▓
▓(▓.▓.▓
▓.▓.▓'▓
▓.▓.▓_▓
▓.▓.▓_▓
▓.▓.▓_▓
▓@▓.▓_▓
▓l▓.▓_▓
▓l▓.▓_▓
▓.▓.▓_▓
▓.▓.▓_▓
▓.▓.▓_▓
▓.▓.▓_▓
▓.▓.▓_▓
▓.▓_▓


You could see a komodo dragon and a wyvern.

Vanquished Creatures
  3 hydras (D)
  A centaur warrior (D)
  A two-headed ogre (D)
  A cyclops (D)
  A black mamba (D)
  A cane toad (D)
  A polar bear (D)
  A yak (D)
  A wraith (D)
  A crocodile (D)
  A water moccasin (D)
  A sky beast (D)
  2 phantoms (D)
  A bullfrog (D)
  A wight (D)
  A crimson imp (D)
  An iguana (D)
  A worker ant (D)
  A shadow imp (D)
  A bat skeleton (D)
  A giant cockroach (D)
  A goblin (D)
  A kobold (D)
  A quokka skeleton (D)
  2 rats (D)
29 creatures vanquished.

Notes
Turn   | Place    | Note
-------+----------+-------------------------------------------
     0 | D        | Freyura the Ogre Fighter began the quest for the Orb.
     0 | D        | Reached XP level 1. HP: 24/24 MP: 1/1
     5 | D        | Reached skill level 3 in Maces & Flails
    22 | D        | Noticed a phantom
    22 | D        | Noticed a wight
    22 | D        | Noticed a sky beast
    29 | D        | Killed a wight
    29 | D        | Reached skill level 6 in Maces & Flails
    29 | D        | Reached XP level 2. HP: 30/36 MP: 2/2
    29 | D        | Reached XP level 3. HP: 36/44 MP: 3/3
    36 | D        | Killed a phantom
    36 | D        | Reached skill level 8 in Maces & Flails
    36 | D        | Reached skill level 5 in Dodging
    36 | D        | Reached XP level 4. HP: 10/57 MP: 4/4
    36 | D        | Reached XP level 5. HP: 11/63 MP: 5/5
    38 | D        | HP: 3/63 [sky beast (5)]
    40 | D        | Killed a sky beast
    40 | D        | Reached skill level 10 in Maces & Flails
    40 | D        | Reached XP level 6. HP: 4/74 MP: 6/6
    47 | D        | Found a roughly hewn altar of Beogh.
    47 | D        | Found a snail-covered altar of Cheibriados.
    47 | D        | Found a shadowy altar of Dithmenos.
    47 | D        | Found a white marble altar of Elyvilon.
    47 | D        | Found a blossoming altar of Fedhas.
    47 | D        | Found an opulent altar of Gozag.
    48 | D        | Found a hazy altar of Hepliaklqana.
    49 | D        | Found a viscous altar of Jiyva.
    50 | D        | Found an ancient bone altar of Kikubaaqudgha.
    51 | D        | Found a corrupted altar of Lugonu.
    52 | D        | Found a burning altar of Makhleb.
    53 | D        | Found a sparkling altar of Nemelex Xobeh.
    54 | D        | Found an iron altar of Okawaru.
    55 | D        | Found a stormy altar of Qazlal.
    56 | D        | Found a sacrificial altar of Ru.
    57 | D        | Found a shimmering blue altar of Sif Muna.
    58 | D        | Found a bloodstained altar of Trog.
    59 | D        | Found a hide-covered altar of Uskayaw.
    60 | D        | Found a radiant altar of Vehumet.
    61 | D        | Found an ornate altar of the Wu Jian Council.
    68 | D        | Found a shimmering altar of Xom.
    69 | D        | Found a basalt altar of Yredelemnul.
    70 | D        | Found a glowing silver altar of Zin.
    71 | D        | Found a glowing golden altar of the Shining One.
    72 | D        | Became a worshipper of Trog the Wrathful
   362 | D        | Noticed a crocodile
   362 | D        | Noticed a phantom
   362 | D        | Noticed a yak
   362 | D        | Noticed a centaur warrior
   375 | D        | Killed a crocodile
   375 | D        | Reached skill level 11 in Maces & Flails
   384 | D        | Killed a yak
   384 | D        | Reached skill level 10 in Fighting
   384 | D        | Reached skill level 12 in Maces & Flails
   384 | D        | Reached XP level 7. HP: 66/85 MP: 7/7
   392 | D        | Killed a centaur warrior
   392 | D        | Reached * piety under Trog
   392 | D        | Reached skill level 14 in Maces & Flails
   392 | D        | Reached XP level 8. HP: 66/98 MP: 8/8
   402 | D        | Reached ** piety under Trog
   502 | D        | Noticed a cyclops
   502 | D        | Noticed a two-headed ogre
   502 | D        | Noticed an eight-headed hydra
   502 | D        | Noticed a wraith
   507 | D        | Killed a cyclops
   507 | D        | Reached skill level 15 in Maces & Flails
   507 | D        | Reached XP level 9. HP: 110/110 MP: 9/9
   511 | D        | Killed a two-headed ogre
   511 | D        | Reached skill level 16 in Maces & Flails
   511 | D        | Reached skill level 10 in Dodging
   516 | D        | Killed an eight-headed hydra
   516 | D        | Reached skill level 17 in Maces & Flails
   519 | D        | Reached *** piety under Trog
   825 | D        | Noticed an eight-headed hydra
   825 | D        | Noticed a black mamba
   825 | D        | Noticed a six-headed hydra
   825 | D        | Noticed a cane toad
   827 | D        | Killed an eight-headed hydra
   827 | D        | Reached skill level 15 in Fighting
   827 | D        | Reached skill level 18 in Maces & Flails
   827 | D        | Reached XP level 10. HP: 124/124 MP: 10/10
   836 | D        | HP: 9/186 [six-headed hydra (13)]
   837 | D        | Killed a six-headed hydra
   837 | D        | Reached **** piety under Trog
   840 | D        | Killed a black mamba
   840 | D        | Reached skill level 19 in Maces & Flails
   848 | D        | HP: 8/190 [water moccasin (5)]
   851 | D        | Killed a cane toad
   852 | D        | Reached ***** piety under Trog
   855 | D        | HP: 4/127 [wyvern (4)]
   856 | D        | Slain by a wyvern

Skill      XL: |  1  2  3  4  5  6  7  8  9 10 |
---------------+-------------------------------+-----
Maces & Flails | 6 8 10 12 14 15 18 19 | 19.4
Dodging        | 4 5 6 7 8 9 11 | 11.8
Fighting       | 6 7 8 10 12 13 15 | 15.9
Shields        | |  2.6

Action                   |  1- 3 |  4- 6 |  7- 9 | 10-12 || total
-------------------------+-------+-------+-------+-------++-------
Melee: Flail             |    23 |     5 |       |       ||    28
       Morningstar       |       |    20 |    37 |       ||    57
       Giant spiked club |       |       |     2 |    27 ||    29
Invok: Berserk           |       |       |     3 |       ||     3
       Trog's Hand       |       |       |     2 |       ||     2
  Use: Potion            |     2 |     1 |       |     2 ||     5
 Stab: Invisible         |       |     5 |     2 |       ||     7
  Eat: Ration            |       |       |     1 |       ||     1
       Chunk             |       |       |     1 |       ||     1
Armor: Robe              |     6 |     7 |    12 |     3 ||    28
Dodge: Dodged            |     3 |     9 |    12 |    18 ||    42
Block: Medium shield     |     8 |     9 |    11 |       ||    28
